Map: Paladino Terminal LE

Players

Loken - Winner!

  • Race: Protoss Protoss
  • League: Platinum
  • Spawn Location: 9:00

dallaskuken

  • Race: Protoss Protoss
  • League: Platinum
  • Spawn Location: 5:00

VOD

Have the link to the VOD?

Description

Time

  • Played on: April 4, 2017, 2:52 p.m.
  • Length: 19:13
Show
View Real Time Build Order
Export as new Build Order

Loken Protoss - Winner!

Build Orders:  

Get SALT Encoding   

  12  0:01  Probe (Chrono Boost)  
  13  0:12  Probe (Chrono Boost)  
  14  0:21  Pylon  
  14  0:24  Probe (Chrono Boost)  
  15  0:40  Probe (Chrono Boost)  
  16  0:42  Gateway  
  16  0:50  Probe (Chrono Boost)  
  16  0:56  Assimilator  
  17  1:01  Probe (Chrono Boost)  
  18  1:11  Probe (Chrono Boost)  
  19  1:22  Probe (Chrono Boost)  
  20  1:35  Cybernetics Core  
  20  1:38  Gateway  
  20  1:42  Gateway  
  20  1:48  Probe (Chrono Boost)  
  21  1:59  Probe (Chrono Boost)  
  21  2:01  Pylon  
  22  2:09  Probe (Chrono Boost)  
  23  2:29  Stalker x3  
  29  2:46  Assimilator, Probe (Chrono Boost)  
  29  2:49  Warp Gate  
  30  2:56  Pylon  
  30  3:09  Pylon  
  30  3:15  Nexus  
  30  3:20  Stalker  
  30  3:22  Stalker  
  34  3:34  Stalker  
  36  3:50  Stalker  
  36  3:52  Stalker  
  40  4:04  Stalker  
  42  4:17  Gateway  
  42  4:20  Gateway  
  42  4:22  Probe (Chrono Boost)  
  39  4:33  Probe (Chrono Boost)  
  40  4:42  Probe (Chrono Boost)  
  42  4:45  Probe (Chrono Boost)  
  42  4:53  Probe (Chrono Boost)  
  42  4:56  Probe (Chrono Boost)  
  44  5:00  Pylon  
  44  5:03  Probe (Chrono Boost)  
  45  5:11  Probe (Chrono Boost)  
  47  5:14  Probe (Chrono Boost)  
  47  5:21  Stalker x3, Probe (Chrono Boost)  
  47  5:24  Stalker, Probe (Chrono Boost)  
  55  5:48  Stalker x3  
  55  5:49  Stalker  
  63  5:51  Stalker  
  63  5:56  Probe (Chrono Boost)  
  66  5:58  Probe (Chrono Boost)  
  67  6:07  Pylon, Probe (Chrono Boost)  
  67  6:09  Probe (Chrono Boost)  
  67  6:10  Pylon  
  69  6:13  Assimilator  
  69  6:30  Sentry x3  
  73  6:33  Stalker  
  75  6:42  Probe (Chrono Boost)  
  75  6:43  Probe (Chrono Boost)  
  77  6:53  Probe (Chrono Boost)  
  79  6:54  Probe (Chrono Boost)  
  79  7:04  Mothership Core (Chrono Boost)  
  71  7:12  Zealot x4  
  71  7:13  Zealot  
  59  7:33  Probe (Chrono Boost)  
  60  7:39  Stargate  
  60  7:41  Stargate  
  60  7:44  Assimilator, Probe (Chrono Boost)  
  61  7:45  Stalker x3  
  61  7:48  Zealot x2  
  71  8:09  Stalker x4, Nexus  
  71  8:12  Stalker  
  81  8:24  Pylon  
  65  8:49  Stalker x5  
  75  8:58  Void Ray  
  79  9:05  Void Ray  
  83  9:11  Assimilator  
  83  9:15  Assimilator  
  83  9:18  Pylon  
  83  9:23  Probe (Chrono Boost)  
  84  9:30  Stalker x3  
  84  9:31  Stalker  
  92  9:34  Probe (Chrono Boost)  
  92  9:37  Gateway  
  93  9:45  Probe (Chrono Boost)  
  94  9:50  Void Ray  
  98  9:55  Probe (Chrono Boost)  
  98  9:56  Void Ray  
  98  9:58  Probe (Chrono Boost)  
  104  10:06  Probe (Chrono Boost)  
  105  10:08  Probe (Chrono Boost)  
  106  10:15  Stalker x2  
  106  10:16  Stalker  
  106  10:18  Stalker  
  114  10:30  Pylon  
  114  10:31  Pylon  
  114  10:34  Probe (Chrono Boost)  
  115  10:45  Probe (Chrono Boost)  
  116  10:55  Pylon, Probe (Chrono Boost)  
  117  11:23  Stalker x5  
  117  11:24  Stalker  
  129  11:39  Gateway  
  129  11:40  Gateway  
  129  11:43  Robotics Facility  
  129  11:53  Stalker x4  
  133  11:57  Pylon  
  133  11:58  Pylon  
  133  12:01  Pylon  
  133  12:02  Pylon  
  133  12:09  Nexus  
  133  12:18  Void Ray  
  133  12:19  Void Ray  
  141  12:34  Stalker  
  141  12:35  Stalker x5  
  137  13:01  Void Ray x2  
  117  13:07  Stalker x2  
  117  13:08  Stalker x2  
  89  13:28  Stalker x2  
  89  13:29  Stalker x2  
  89  13:44  Void Ray  
  89  13:45  Void Ray  
  97  13:56  Probe (Chrono Boost)  
  98  14:03  Stalker x5  
  98  14:07  Probe (Chrono Boost)  
  77  14:22  Stalker  
  77  14:23  Stalker x2  
  81  14:30  Stalker x3  
  81  14:31  Stalker  
  89  14:40  Probe (Chrono Boost)  
  89  14:41  Probe (Chrono Boost)  
  91  14:50  Probe (Chrono Boost)  
  91  14:51  Twilight Council  
  91  14:52  Probe (Chrono Boost)  
  85  15:18  Stalker x3  
  85  15:19  Stalker x4  
  85  15:20  Stalker  
  101  15:26  Probe (Chrono Boost)  
  102  15:35  Assimilator  
  102  15:36  Probe (Chrono Boost)  
  102  15:39  Assimilator  
  102  15:41  Dark Shrine  
  102  15:42  Void Ray x2  
  110  15:47  Probe (Chrono Boost)  
  111  15:55  Stalker x5  
  121  16:16  Forge  
  107  16:18  Forge  
  79  16:29  Stalker  
  79  16:30  Stalker x5  
  79  16:31  Stalker x2  
  89  16:54  Dark Templar x4  
  89  16:55  Dark Templar x4  
  105  17:19  Warp Prism  
  107  17:35  Stalker x3  
  107  17:36  Stalker x5  
  103  18:02  Stalker x3  
  103  18:03  Stalker x5  
  103  18:27  Dark Templar x2  
  105  18:30  Dark Templar  
  105  18:31  Dark Templar x5  
  105  18:32  Dark Templar x2  
  107  19:10  Zealot x5  
  107  19:11  Zealot x2  
Show
View Real Time Build Order
Export as new Build Order

dallaskuken Protoss 

Build Orders:  

Get SALT Encoding   

  12  0:01  Probe (Chrono Boost)  
  13  0:11  Probe (Chrono Boost)  
  14  0:19  Pylon  
  14  0:23  Probe (Chrono Boost)  
  15  0:37  Probe (Chrono Boost)  
  16  0:42  Gateway  
  16  0:48  Probe (Chrono Boost)  
  17  0:58  Gateway  
  17  1:07  Probe (Chrono Boost)  
  17  1:10  Assimilator  
  18  1:17  Probe (Chrono Boost)  
  19  1:28  Probe (Chrono Boost)  
  20  1:38  Probe (Chrono Boost)  
  21  1:51  Cybernetics Core  
  21  1:55  Probe (Chrono Boost)  
  21  1:57  Assimilator  
  22  2:06  Pylon  
  22  2:13  Probe (Chrono Boost)  
  23  2:28  Warp Gate  
  23  2:29  Stalker  
  25  2:34  Nexus  
  25  2:41  Stalker  
  27  2:57  Mothership Core (Chrono Boost)  
  29  3:13  Pylon  
  29  3:28  Stalker, Pylon  
  29  3:31  Stalker  
  29  3:33  Probe (Chrono Boost)  
  34  3:44  Probe (Chrono Boost)  
  34  3:47  Forge  
  35  3:50  Probe (Chrono Boost)  
  35  3:55  Probe (Chrono Boost)  
  37  3:58  Stalker  
  37  4:01  Probe (Chrono Boost)  
  40  4:05  Probe (Chrono Boost)  
  40  4:08  Zealot  
  43  4:13  Pylon  
  43  4:16  Probe (Chrono Boost)  
  44  4:37  Photon Cannon  
  44  4:39  Photon Cannon, Probe (Chrono Boost)  
  45  4:50  Probe (Chrono Boost)  
  46  4:53  Gateway  
  46  4:57  Photon Cannon  
  46  5:00  Stalker, Probe (Chrono Boost)  
  49  5:11  Probe (Chrono Boost)  
  51  5:21  Probe (Chrono Boost)  
  51  5:28  Robotics Facility  
  51  5:32  Gateway  
  51  5:33  Stalker  
  51  5:34  Stalker  
  51  5:47  Pylon  
  51  5:51  Stalker x2  
  55  6:07  Assimilator, Probe (Chrono Boost)  
  55  6:11  Assimilator  
  56  6:15  Immortal  
  56  6:18  Stalker x2, Probe (Chrono Boost)  
  65  6:28  Probe (Chrono Boost)  
  66  6:39  Probe (Chrono Boost)  
  67  6:45  Photon Cannon  
  67  6:46  Stalker  
  69  6:49  Probe (Chrono Boost)  
  70  6:54  Pylon  
  70  7:01  Probe (Chrono Boost)  
  59  7:11  Probe (Chrono Boost)  
  52  7:26  Stalker x2  
  54  7:34  Pylon  
  54  7:37  Stalker x2  
  54  7:41  Immortal  
  62  8:08  Nexus  
  62  8:09  Protoss Ground Weapons Level 1  
  62  8:10  Pylon  
  62  8:12  Stalker x2  
  64  8:13  Stalker x2, Pylon  
  70  8:20  Immortal  
  74  8:29  Probe (Chrono Boost)  
  74  8:30  Probe (Chrono Boost)  
  76  8:41  Probe x2 (Chrono Boost)  
  67  8:51  Probe (Chrono Boost)  
  67  8:54  Stalker, Probe (Chrono Boost)  
  67  8:55  Stalker x3  
  77  9:02  Probe (Chrono Boost)  
  78  9:06  Probe (Chrono Boost)  
  79  9:12  Probe (Chrono Boost)  
  81  9:18  Probe (Chrono Boost)  
  81  9:26  Probe (Chrono Boost)  
  81  9:28  Stalker x4  
  90  9:36  Probe (Chrono Boost)  
  91  9:38  Gateway  
  91  9:40  Gateway x2  
  91  9:41  Immortal  
  91  9:43  Gateway  
  91  9:45  Gateway  
  95  9:47  Probe (Chrono Boost)  
  95  9:51  Protoss Shields Level 1  
  96  9:53  Twilight Council  
  96  9:57  Probe (Chrono Boost)  
  97  10:08  Probe (Chrono Boost)  
  98  10:18  Stalker, Probe (Chrono Boost)  
  98  10:19  Stalker x2  
  105  10:22  Immortal  
  109  10:33  Assimilator  
  109  10:38  Assimilator  
  109  10:42  Pylon  
  109  10:44  Pylon x2  
  109  10:45  Pylon  
  109  10:47  Pylon  
  109  10:48  Pylon  
  109  10:50  Pylon  
  109  10:52  Pylon  
  109  10:53  Pylon  
  109  11:00  Probe (Chrono Boost)  
  99  11:44  Blink  
  97  12:05  Nexus  
  97  12:13  Stalker x4  
  97  12:14  Stalker x5  
  115  12:21  Immortal  
  119  12:38  Zealot x5  
  119  12:39  Zealot x4  
  137  12:46  Protoss Ground Weapons Level 2  
  137  12:55  Immortal  
  119  13:12  Stalker x2  
  107  13:13  Stalker x6  
  107  13:14  Stalker  
  97  13:43  Stalker  
  97  13:44  Stalker x4  
  89  14:24  Stalker x5  
  91  14:25  Stalker  
  83  15:12  Nexus  
  83  15:18  Stalker  
  83  15:19  Stalker x4  
  93  15:28  Pylon  
  93  15:48  Stalker x2  
  97  16:03  Zealot  
  81  16:38  Assimilator  
  81  16:42  Assimilator  
  81  16:44  Nexus  
  81  17:11  Observer  
  79  17:41  Stalker x4  
  79  17:42  Stalker x3  
  49  18:16  Stalker x7  
  49  18:17  Stalker x2  
Tags
 
Add a new tag
Caveats
  • Supply blocks, unpowered buildings, or Contaminate may cause inaccurate times.
  • Supply counts are checked every 10 seconds.